 Dungeon Crawl Stone Soup version 0.30-a0-738-g116ff8c4af (webtiles) character file.

Game seed: 4276455382316363004

157 IdlyInterested the Cudgeller (level 5, 0/38 HPs)
             Began as a Demonspawn Gladiator on Feb 3, 2023.
             Slain by an orc priest
             ... wielding a +0 short sword
              (2 damage)
             ... on level 3 of the Dungeon.
             The game lasted 00:06:31 (1903 turns).

IdlyInterested the Cudgeller (Demonspawn Gladiator) Turns: 1903, Time: 00:06:31

Health: 0/38       AC: 12    Str: 17    XL:     5   Next: 15%
Magic:  5/5        EV: 11    Int:  9    God:
Gold:   105        SH:  0    Dex: 14    Spells: 4/4 levels left

rFire   + . .      SeeInvis .    a - +0 flail (protect)
rCold   . . .      Faith    .    (no shield)
rNeg    . . .      Spirit   .    r - +0 ring mail {rF+}
rPois   .          Reflect  .    (helmet restricted)
rElec   .          Harm     .    (no cloak)
rCorr   .          Rampage  .    (no gloves)
Will    .....                    (no boots)
Stlth   +                        o - amulet of the acrobat
HPRegen 0.26/turn                (no ring)
MPRegen 0.09/turn                (no ring)

@: under a protective aura
A: antennae 1, claws 1, hooves 1, spiny 1
a: no special abilities


You were on level 3 of the Dungeon.
You visited 1 branch of the dungeon, and saw 3 of its levels.

You collected 105 gold pieces.

Inventory:

Hand Weapons
 a - a +0 flail of protection (weapon)
Missiles
 d - 5 throwing nets
 e - a javelin
 f - 49 stones (quivered)
 g - 5 poisoned darts
Armour
 r - a +0 ring mail of fire resistance (worn)
Jewellery
 n - a +6 ring of intelligence
 o - an amulet of the acrobat (around neck)
Scrolls
 j - a scroll of fog
 k - a scroll of brand weapon
Potions
 b - 3 potions of flight
 c - a potion of attraction {unknown}
 h - 2 potions of curing {unknown}
 i - 3 potions of brilliance
 l - a potion of degeneration {unknown}
 m - a potion of invisibility {unknown}
 p - 2 potions of lignification {unknown}
 q - 2 potions of might {unknown}


   Skills:
 - Level 2.0 Fighting
 * Level 4.5 Maces & Flails
 - Level 2.0 Throwing
 + Level 1.6 Armour
 - Level 3.0 Dodging
 - Level 1.0 Unarmed Combat


You had 4 spell levels left.
You didn't know any spells.
Your spell library was empty.

Dungeon Overview and Level Annotations

Branches:
Dungeon (3/15)

Altars:
Qazlal


Innate Abilities, Weirdness & Mutations

You have a pair of small antennae on your head.
You have sharp fingernails.
You have large cloven feet.
You are partially covered in sharp spines.


Message History

You see here a +0 war axe.
There are monsters nearby!
The orc shouts!
The orc priest mumbles some strange prayers to Beogh against you.
Beogh smites you! The orc is struck by your spines.
The orc completely misses you.
The orc priest calls upon Beogh to heal the orc.
The orc's wounds heal themselves!
The orc completely misses you. The orc is struck by your spines.
The orc misses you.
You hit the orc priest.
Your weapon exudes an aura of protection.
The orc priest is moderately wounded.
The orc is struck by your spines. The orc barely misses you.
The orc priest mumbles some strange prayers to Beogh against you.
Beogh smites you! The orc is struck by your spines.
You kill the orc!
The orc is struck by your spines. The orc closely misses you.
You barely miss the orc priest.
The orc priest is moderately wounded.
The orc is struck by your spines.
You kill the orc!
The orc priest mumbles some strange prayers to Beogh against you.
You barely resist.
The orc priest looks encouraged for a moment.
The orc splashes around in the water.
Unknown command.
Okay, then.
You closely miss the orc priest. Your kick misses the orc priest.
The orc priest is moderately wounded.
The orc priest mumbles some strange prayers to Beogh against you.
Beogh smites you!
* * * LOW HITPOINT WARNING * * *
The orc is struck by your spines.
You kill the orc!
You hear a splash.
You hit the orc priest.
You kick the orc priest, but do no damage.
The orc priest is heavily wounded.
The orc priest hits you with a +0 short sword.
You die...

......'........>...#
......##....###.#####
.......#..#.........##
...)...#....#######..#
.......#...###$⌠$###.#
.......#...##.....##.#
#†##...#...#.......#.#
#'##...#...#.~.o)).#.#
.......#...#....@o.#.#
.......# #.......#.#
.......# #.......#.#
.......+ #.~...~.#.#
.......# #.......#.#
######## ...........#
.###....##### #...##
#.#.


You could see 2 orc priests.

Vanquished Creatures
  Natasha (thrice) (D:2)
  A gnoll (D:2)
  An adder (D:3)
  A worm (D:2)
  3 dart slugs
  3 orcs (D:3)
  5 endoplasms
  3 giant cockroaches (D:1)
  6 goblins
  2 hobgoblins
  10 ball pythons
  6 bats
  A frilled lizard (D:2)
  8 kobolds
  4 rats
57 creatures vanquished.

Vanquished Creatures (others)
  7 toadstools (D:1)
7 creatures vanquished.

Grand Total: 64 creatures vanquished

Notes
Turn   | Place    | Note
-------+----------+-------------------------------------------
     0 | D:1      | IdlyInterested the Demonspawn Gladiator began the quest for
                  | the Orb.
     0 | D:1      | Reached XP level 1. HP: 16/16 MP: 1/1
   322 | D:1      | Reached skill level 3 in Maces & Flails
   367 | D:1      | Discovered your monstrous ancestry.
   367 | D:1      | Gained mutation: You have sharp fingernails. [demonic
                  | ancestry]
   367 | D:1      | Reached XP level 2. HP: 22/22 MP: 2/2
   602 | D:1      | Gained mutation: You are partially covered in sharp spines.
                  | [demonic ancestry]
   602 | D:1      | Reached XP level 3. HP: 27/27 MP: 3/3
  1091 | D:2      | Reached skill level 1 in Unarmed Combat
  1156 | D:2      | Noticed Natasha
  1163 | D:2      | Killed Natasha
  1248 | D:2      | Noticed Natasha
  1255 | D:2      | Killed Natasha
  1256 | D:2      | Reached skill level 4 in Maces & Flails
  1256 | D:2      | Reached skill level 1 in Armour
  1256 | D:2      | Gained mutation: You have large cloven feet. [demonic
                  | ancestry]
  1256 | D:2      | Reached XP level 4. HP: 31/33 MP: 4/4
  1446 | D:2      | Noticed Natasha
  1455 | D:2      | Killed Natasha
  1569 | D:2      | Gained mutation: You have a pair of small antennae on your
                  | head. [demonic ancestry]
  1569 | D:2      | Reached XP level 5. HP: 38/38 MP: 5/5
  1747 | D:3      | Found a stormy altar of Qazlal.
  1903 | D:3      | Slain by an orc priest

Illustrated notes

Levels and vault maps discovered:
D:1:      nagdon_arrival_double_spiral, layout_loops_ring,
          chequers_decorated_corner, minmay_pentomino_q2
D:2:      layout_rooms, minmay_split_cup_large, uniq_natasha
D:3:      cheibrodos_pilgrimage, layout_basic, grunt_qazlal_sundering,
          uniq_robin

Skill      XL: |  1  2  3 |
---------------+----------+-----
Throwing       | 2 |  2.0
Maces & Flails | 3 4 |  4.5
Dodging        | 3 |  3.0
Unarmed Combat | 1 |  1.0
Armour         | 1 |  1.6
Fighting       | |  2.0

Action                     |  1- 3 |  4- 6 || total
---------------------------+-------+-------++-------
  Melee: Flail             |    85 |    32 ||   117
         Kick              |       |    11 ||    11
  Throw: Dart              |     2 |       ||     2
         Javelin           |     1 |       ||     1
    Use: Scroll            |     3 |     2 ||     5
 Armour: Leather armour    |    15 |       ||    15
         Ring mail         |     6 |    11 ||    17
  Dodge: Dodged            |    54 |    25 ||    79

Table legend: (Time is in decaauts)
 A = Elapsed time spent in this place.
 B = Non-inter-level travel time spent in this place.
 C = Inter-level travel time spent in this place.
 D = Time resting spent in this place.
 E = Time spent auto-exploring this place.
 F = Levels seen in this place.
 G = Mean time per level.
                   A        B        C        D        E       F      G
               +--------+--------+--------+--------+--------+-----+--------+
         Total |   1930 |   1689 |    241 |    141 |    977 |   3 |  643.3 |
       Dungeon |   1930 |   1689 |    241 |    141 |    977 |   3 |  643.3 |
               +--------+--------+--------+--------+--------+-----+--------+

Top non-repeatable levels by time:
     D:1: 1173 daAuts
     D:2: 595 daAuts
     D:3: 162 daAuts
